 Dungeon Crawl Stone Soup version 0.18-a0-1778-gadce9fa (webtiles) character file.

69 Lovchig the Insei (level 4, -4/35 HPs)
             Began as a Vampire Monk on Apr 16, 2016.
             Slain by AmuletOfHam's ghost (10 damage)
             ... on level 3 of the Dungeon.
             The game lasted 00:56:18 (2096 turns).

Lovchig the Insei (Vampire Monk)                    Turns: 2096, Time: 00:56:19

Health: -4/35      AC:  5    Str: 10    XL:     4   Next: 2%
Magic:  13/13      EV: 12    Int: 12    God:
Gold:   128        SH:  0    Dex: 17    Spells: 0 memorised, 3 levels left

rFire  . . .     SeeInvis +       - Unarmed
rCold  . . .     Gourm    .     l - +0 ring mail
rNeg   . . .     Faith    .     (no shield)
rPois  .         Spirit   .     (no helmet)
rElec  .         Dismiss  .     (no cloak)
rCorr  .         Reflect  .     (no gloves)
SustAt .         Harm     .     (no boots)
MR     .....                    (no amulet)
Stlth  ++........               (no ring)
                                s - ring of magical power

@: regenerating quickly, slowed, very slow, not resistant to hostile
enchantments, unstealthy
A: fangs 3, see invisible, unbreathing
a: no special abilities


You were on level 3 of the Dungeon.
You were very full.

You visited 1 branch of the dungeon, and saw 3 of its levels.

You collected 128 gold pieces.

Inventory:

Armour
 a - a +0 robe
 i - a +0 leather armour
 l - a +0 ring mail (worn)
Jewellery
 s - a ring of magical power (left hand)
Scrolls
 f - a scroll of teleportation {unknown}
 j - 3 scrolls of remove curse {unknown}
 k - a scroll of random uselessness {unknown}
 m - 2 scrolls of fear {unknown}
 p - 3 scrolls of identify {unknown}
 q - a scroll of fog {unknown}
 r - a scroll of recharging {unknown}
Potions
 b - a potion of blood
 c - a potion of cancellation {unknown}
 d - a potion of might {unknown}
 e - 2 potions of resistance {unknown}
 g - a potion of degeneration {unknown}
 h - 2 potions of lignification {unknown}
 n - 2 potions of heal wounds {unknown}
 o - a potion of cure mutation {unknown}
 t - a potion of agility {unknown}


   Skills:
 * Level 3.1 Fighting
 * Level 1.1 Armour
 * Level 3.8 Dodging
 - Level 3.0 Stealth
 * Level 5.1 Unarmed Combat


You had 3 spell levels left.
You didn't know any spells.

Dungeon Overview and Level Annotations

Branches:
Dungeon (3/15)

Altars:
Kikubaaqudgha
Pakellas

Annotations:
D:3 AmuletOfHam's ghost, amateur HOBe


Innate Abilities, Weirdness & Mutations

Your natural rate of healing is unusually fast.
You have razor-sharp teeth.
You have supernaturally acute eyesight.
You can survive without breathing.


Message History

You punch Terence!
You kill Terence!
Your Armour skill increases to level 1!
You have reached level 4!
Drink blood from a jackal corpse? (ye/n/q/i?) This warm blood tastes delicious!
You continue drinking.
AmuletOfHam's ghost closely misses you.
You continue drinking.
AmuletOfHam's ghost hits you.
You stop draining the corpse.
All the blood oozes out of the corpse!
AmuletOfHam's ghost hits you.
* * * LOW HITPOINT WARNING * * *
AmuletOfHam's ghost hits you but does no damage.
Found a stone staircase leading up.
AmuletOfHam's ghost hits you.
* * * LOW HITPOINT WARNING * * *
You see here a puce potion.
AmuletOfHam's ghost mumbles, "They all look like pillowcases to me..."
AmuletOfHam's ghost hits you!
You die...

.#......####.
............ ..
###.........# .#.$
...........# ....>
####.........# . .....
..<..........#
..#....#####.........###
.#.............W@.......
.#........†).........###
.....................#
..............#.........
....................####
..........##......###
..........##......#
.##...####........#
.##...# .......#


You could see AmuletOfHam's ghost.

Vanquished Creatures
  Terence (D:3)
  2 giant geckos
  An orc (D:3)
  A bat zombie (D:2)
  6 hobgoblins
  9 jackals
  4 bats (D:1)
  A giant newt (D:2)
  4 goblins
  6 kobolds (D:1)
  2 rats (D:1)
37 creatures vanquished.

Notes
Turn   | Place    | Note
--------------------------------------------------------------
     0 | D:1      | Lovchig the Vampire Monk began the quest for the Orb.
     0 | D:1      | Reached XP level 1. HP: 17/17 MP: 1/1
   515 | D:1      | Reached XP level 2. HP: 18/23 MP: 2/2
  1467 | D:2      | Found an oddly glowing altar of Pakellas.
  1753 | D:2      | Found an ancient bone altar of Kikubaaqudgha.
  1875 | D:3      | Reached XP level 3. HP: 28/28 MP: 3/3
  1880 | D:3      | Reached skill level 5 in Unarmed Combat
  2054 | D:3      | Noticed Terence
  2072 | D:3      | Noticed AmuletOfHam's ghost (amateur HOBe)
  2087 | D:3      | Killed Terence
  2087 | D:3      | Reached skill level 1 in Armour
  2087 | D:3      | Reached XP level 4. HP: 17/35 MP: 4/4
  2096 | D:3      | Slain by AmuletOfHam's ghost

Vault maps used:
D:1:      dpeg_arrival_round_c
D:2:      lemuel_zombie_altar_kikubaaqudgha, old_standard_altar
D:3:      first_bread, uniq_robin, uniq_terence, uniq_grinder

Skill      XL: |  1  2  3 |
---------------+----------+-----
Unarmed Combat | 5 |  5.1
Fighting       | 3 |  3.1
Armour         | 1 |  1.1
Dodging        | |  3.8
Stealth        | |  3.0

Action                   |  1- 3 |  4- 6 || total
-------------------------+-------+-------++-------
Melee: Unarmed           |   127 |       ||   127
       Bite              |     8 |       ||     8
       Punch             |     3 |       ||     3
 Stab: Sleeping          |     3 |       ||     3
  Eat: Corpse            |    10 |     1 ||    11
Armor: Leather armour    |     8 |       ||     8
       Robe              |     3 |       ||     3
       Ring mail         |    29 |     1 ||    30
Dodge: Dodged            |   111 |     1 ||   112
